 Dungeon Crawl Stone Soup version 0.27-a0-343-gfcad680f63 (webtiles) character file.

Game seed: 11349225258860115363

56 Mgcat the Ruffian (level 3, 29/29 HPs)
             Began as a Draconian Transmuter on Feb 9, 2021.
             Quit the game on level 2 of the Dungeon on Feb 14, 2021.
             The game lasted 00:02:05 (1198 turns).

Mgcat the Ruffian (Draconian Transmuter)            Turns: 1198, Time: 00:02:06

Health: 29/29      AC:  6    Str: 13    XL:     3   Next: 69%
Magic:  6/6        EV: 12    Int: 13    God:
Gold:   86         SH:  0    Dex: 11    Spells: 5/6 levels left

rFire    . . .     SeeInvis .     - Unarmed
rCold    . . .     Faith    .   (no shield)
rNeg     . . .     Spirit   .   (armour unavailable)
rPois    .         Reflect  .   (helmet restricted)
rElec    .         Harm     .   f - +0 cloak
rCorr    .         Rampage  .   (no gloves)
Will     .....                  (no boots)
Stlth    +.........             (no amulet)
HPRegen  0.09/turn              (no ring)
MPRegen  0.10/turn              (no ring)

@: no status effects
A: unfitting armour, cold-blooded, AC +5
a: no special abilities


You were on level 2 of the Dungeon.
You visited 1 branch of the dungeon, and saw 2 of its levels.

You collected 86 gold pieces.

Inventory:

Armour
 f - a +0 cloak (worn)
   (You found it on level 1 of the Dungeon)
Scrolls
 a - 2 scrolls of removedness
 b - 4 scrolls of identify {unknown}
 e - 2 scrolls of random uselessness {unknown}
 g - 2 scrolls of immolation {unknown}
 h - a scroll of enchant weapon {unknown}
 i - a scroll of teleportation {unknown}
Potions
 c - a potion of attraction {unknown}
 d - 2 potions of heal wounds {unknown}


   Skills:
 + Level 2.0 Fighting
 + Level 2.2 Dodging
 + Level 3.4 Unarmed Combat
 + Level 2.4 Spellcasting
 + Level 2.4 Transmutations


You had 5 spell levels left.
You knew the following spells:

 Your Spells              Type           Power        Failure   Level
a - Beastly Appendage     Tmut           16%          9%          1

Your spell library contained the following spells:

 Spells                   Type           Power        Failure   Level
 Wereblood                Tmut           8%           13%         2
 Spider Form              Tmut/Pois      2%           41%         3
 Ice Form                 Ice/Tmut       4%           82%         4
 Blade Hands              Tmut           4%           94%         5


Dungeon Overview and Level Annotations

Branches:
Dungeon (2/15)

Altars:


Innate Abilities, Weirdness & Mutations

Your plain brown scales are hard. (AC +5)
You cannot fit into any form of body armour.
You are cold-blooded and may be slowed by cold attacks.


Message History

Saving game... please wait.
Options error: Bad object type '%}\|' for autopickup. (~/.crawlrc:1972) Welcome back, Mgcat the Draconian Transmuter.
Press ? for a list of commands and other information.
A kobold comes into view. It is wielding a -3 whip.
The kobold shouts!
A kobold is nearby!
The kobold hits you but does no damage.
A leopard gecko comes into view.
The leopard gecko hisses angrily.
You hit the kobold.
You kill the kobold!
The leopard gecko barely misses you.
You hit the leopard gecko but do no damage.
The leopard gecko barely misses you.
You closely miss the leopard gecko.
You tail-slap the leopard gecko, but do no damage.
The leopard gecko bites you.
You take 1 damage, and have 28/29 hp.
You hit the leopard gecko.
You kill the leopard gecko!
Health restored: 29 No target in view!
No target in view!
Things that are here:
a -3 whip; a kobold corpse You open the door.
There is an open door here.
A bat comes into view.
Found a whip.
Found a stone staircase leading down.
You hit the bat.
Your tail-slap misses the bat.
The bat is heavily wounded.
The bat hits you but does no damage. x2
You hit the bat.
The bat is heavily wounded.
The bat completely misses you. The bat hits you but does no damage.
You barely miss the bat.
The bat is heavily wounded.
The bat hits you but does no damage. The bat hits you but does no damage.
The bat misses you. The bat closely misses you.
The bat hits you but does no damage. The bat misses you.
You barely miss the bat.
Your tail-slap misses the bat.
The bat is heavily wounded.
The bat barely misses you. The bat completely misses you.
You hit the bat.
You kill the bat!
Your Fighting skill increases to level 2!
No target in view!
No target in view!
No target in view!
You see here a bat corpse.
A jackal comes into view.
A jackal is nearby!
A jackal comes into view.
The jackal barks!
You barely miss the jackal. The jackal barely misses you.
You closely miss the jackal. The jackal closely misses you.
The jackal bites you but does no damage.
You closely miss the jackal.
Your tail-slap misses the jackal.
The jackal bites you but does no damage.
You barely miss the jackal.
You tail-slap the jackal, but do no damage.
The jackal barely misses you.
You hit the jackal.
You kill the jackal!
The jackal barely misses you.
The jackal bites you but does no damage.
You closely miss the jackal.
Your tail-slap misses the jackal.
The jackal bites you but does no damage.
You hit the jackal.
The jackal is almost dead.
The jackal bites you.
You take 1 damage, and have 28/29 hp.
You hit the jackal.
You kill the jackal!
No target in view!
No target in view!
HP restored.
You open the door.
You see here a jackal corpse.
e - 2 scrolls labelled QIJAHU EKLEIKI (gained 1)
A bat comes into view.
The bat hits you but does no damage.
Health restored: 29 A bat is nearby!
You hit the bat.
You kill the bat!
No target in view!
No target in view!
No target in view!
i - a scroll labelled ANUTTE ZIVVAAK A giant cockroach comes into view.
A giant cockroach is nearby!
An orc and an orc wizard come into view.
The orc shouts!
You hear a shout!
The orc wizard moves out of view.
Are you sure you want to abandon this character and quit the game? (Confirm with "yes".)

.............##..
#..........####..
+..........+..'..
#..........####..
#####...............# .
#.$...............††#
...#.......(............
........................
.o.....@................
...B.........##.........
####.........##........#
#.........##........#
#.........##........#
#.........##........#
#.........##........#
#.........##........#
#........#


You could see an orc and a giant cockroach (wandering).

Vanquished Creatures
  2 adders (D:2)
  An ooze (D:1)
  A dart slug (D:1)
  2 leopard geckos
  2 bats (D:2)
  A giant cockroach (D:1)
  3 goblins (D:1)
  4 hobgoblins
  2 jackals (D:2)
  3 frilled lizards
  4 kobolds
  4 rats (D:1)
29 creatures vanquished.

Notes
Turn   | Place    | Note
-------+----------+-------------------------------------------
     0 | D:1      | Mgcat the Draconian Transmuter began the quest for the Orb.
     0 | D:1      | Reached XP level 1. HP: 16/16 MP: 3/3
   144 | D:1      | Reached XP level 2. HP: 21/23 MP: 5/5
   161 | D:1      | Reached skill level 2 in Dodging
   840 | D:2      | Reached XP level 3. HP: 25/29 MP: 6/6
  1091 | D:2      | Upgraded the game from 0.27-a0-291-gd9602db6ee to
                  | 0.27-a0-343-gfcad680f63
  1145 | D:2      | Reached skill level 2 in Fighting
  1198 | D:2      | Quit the game

Illustrated notes

Levels and vault maps discovered:
D:1:      dpeg_arrival_tiny_d, layout_basic
D:2:      layout_basic, gammafunk_temple_overflow_elements

Skill      XL: |  1  2  3 |
---------------+----------+-----
Dodging        | 2 |  2.2
Fighting       | 2 |  2.0
Unarmed Combat | |  3.4
Spellcasting   | |  2.4
Transmutations | |  2.4

Action                   || total
-------------------------++-------
Melee: Unarmed           ||    98
       Kick              ||     6
       Headbutt          ||     3
       Punch             ||     1
       Tailslap          ||     3
 Cast: Beastly Appendage ||     5
Armor: Skin              ||    32
Dodge: Dodged            ||    71

Table legend: (Time is in decaauts)
 A = Elapsed time spent in this place.
 B = Non-inter-level travel time spent in this place.
 C = Inter-level travel time spent in this place.
 D = Time resting spent in this place.
 E = Time spent auto-exploring this place.
 F = Levels seen in this place.
 G = Mean time per level.
                   A        B        C        D        E       F      G
               +--------+--------+--------+--------+--------+-----+--------+
         Total |   1191 |   1169 |     22 |    354 |    601 |   2 |  595.5 |
       Dungeon |   1191 |   1169 |     22 |    354 |    601 |   2 |  595.5 |
               +--------+--------+--------+--------+--------+-----+--------+

Top non-repeatable levels by time:
     D:1: 808 daAuts
     D:2: 382 daAuts

Table legend:
 A = Kills in this place as a percentage of kills in entire the game.
 B = Kills by you in this place as a percentage of kills by you in the entire game.
 C = Kills by friends in this place as a percentage of kills by friends in the entire game.
 D = Other kills in this place as a percentage of other kills in the entire game.
 E = Experience gained in this place as a percentage of experience gained in the entire game.
 F = Experience gained in this place divided by the number of levels of this place that you have seen.
                   A       B       C       D       E      F
               +-------+-------+-------+-------+-------+----------------------
         Total | 100.0 | 100.0 |   N/A |   N/A | 100.0 |  40.0
       Dungeon | 100.0 | 100.0 |   N/A |   N/A | 100.0 |  40.0
               +-------+-------+-------+-------+-------+----------------------
